 Dungeon Crawl Stone Soup version 0.27-a0-789-g6bb3289e1e (webtiles) character file.

Game seed: 13019450978996841008

594 Hasart the Chopper (level 6, 0/52 HPs)
             Began as a Demigod Fighter on Mar 26, 2021.
             Slain by a water moccasin (7 damage)
             ... on level 5 of the Dungeon.
             The game lasted 00:09:28 (4593 turns).

Hasart the Chopper (Demigod Fighter)                Turns: 4593, Time: 00:09:29

Health: 0/52       AC:  7    Str: 25    XL:     6   Next: 94%
Magic:  8/8        EV:  7    Int: 10    God:
Gold:   182        SH: 10    Dex: 13    Spells: 5/5 levels left

rFire    + . .     SeeInvis .   r - +1 hand axe (venom)
rCold    + + .     Faith    .   c - +0 kite shield
rNeg     . . .     Spirit   .   b - +0 scale mail
rPois    +         Reflect  .   (no helmet)
rElec    +         Harm     .   (no cloak)
rCorr    +         Rampage  .   (no gloves)
Will     .....                  (no boots)
Stlth    ..........             (no amulet)
HPRegen  0.17/turn              f - ring of protection from cold
MPRegen  0.11/turn              (no ring)

@: resistant
A: high mp 1, forlorn
a: no special abilities


You were on level 5 of the Dungeon.
You visited 1 branch of the dungeon, and saw 5 of its levels.

You collected 182 gold pieces.

Inventory:

Hand Weapons
 r - a +1 hand axe of venom (weapon)
 v - a +3 war axe of holy wrath
 x - a +2 whip of freezing
Missiles
 j - 5 poisoned darts (quivered)
Armour
 b - a +0 scale mail (worn)
 c - a +0 kite shield (worn)
Jewellery
 a - an amulet of guardian spirit
 f - a ring of protection from cold (right hand)
 g - a ring of flight
 m - a ring of fire
Scrolls
 e - 2 scrolls of fog {unknown}
 l - a scroll of teleportation {unknown}
 o - a scroll of fear {unknown}
 p - 5 scrolls of identify {unknown}
 t - a scroll of enchant weapon {unknown}
 w - a scroll of vulnerability {unknown}
Potions
 d - a potion of might
 h - 2 potions of resistance
 i - 2 potions of curing
 k - a potion of heal wounds {unknown}
 n - a potion of magic {unknown}
 q - a potion of attraction {unknown}
 s - a potion of degeneration {unknown}
 u - a potion of brilliance {unknown}


   Skills:
 + Level 4.0 Fighting
 * Level 4.4 Axes
 + Level 2.4 Throwing
 + Level 3.9 Armour
 + Level 3.8 Shields


You had 5 spell levels left.
You didn't know any spells.
Your spell library contained the following spells:

 Spells                   Type           Power      Damage    Failure   Level
 Confusing Touch          Hex            0%         N/A       100%        3
 Gell's Gravitas          Tloc           0%         N/A       100%        3
 Petrify                  Tmut/Erth      0%         N/A       100%        4
 Metabolic Englaciation   Hex/Ice        0%         N/A       100%        5
 Yara's Violent Unravell  Hex/Tmut       0%         3d3       100%        5


Dungeon Overview and Level Annotations

Branches:
Dungeon (5/15)
 Temple: D:4-7

Annotations:
D:4 Dowan, Duvessa


Innate Abilities, Weirdness & Mutations

Your attributes grow dramatically as you level up.
You have an increased reservoir of magic. (+10% MP)
You shall have no god before yourself.


Message History

The water moccasin bites you.
You are poisoned.
The water moccasin poisons you!
The water moccasin completely misses you.
Unknown command.
You barely miss the water moccasin.
The water moccasin is moderately wounded.
You feel extremely sick.
You block the water moccasin's attack. x2
Unknown command.
You miss the water moccasin.
The water moccasin is moderately wounded.
You feel sick. The water moccasin bites you.
You are more poisoned.
The water moccasin poisons you!
Unknown command.
You closely miss the water moccasin.
The water moccasin is moderately wounded.
* * * LOW HITPOINT WARNING * * *
You feel extremely sick. The water moccasin closely misses you.
The water moccasin bites you but does no damage.
Unknown command.
It was a potion of resistance.
You feel protected.
You feel sick. You block the water moccasin's attack.
The water moccasin bites you!
* * * LOW HITPOINT WARNING * * *
It was a potion of curing.
You feel better. You block the water moccasin's attack.
You closely miss the water moccasin.
The water moccasin is moderately wounded.
The water moccasin barely misses you. You block the water moccasin's attack.
Unknown command.
You hit the water moccasin.
The water moccasin is poisoned.
The water moccasin is heavily wounded.
The water moccasin bites you.
* * * LOW HITPOINT WARNING * * *
The water moccasin bites you!
You die...

♣♣♣♣ ♣(.!♣♣ ♣
..(..♣ ♣♣
♣♣♣....[♣
.♣♣♣♣ ♣......♣
....♣♣♣♣.♣
♣♣S♣♣.♣.♣
♣♣♣.....♣ ♣♣@♣
♣.†.♣♣♣♣
♣♣♣.♣♣ ♣♣...♣♣
♣♣♣..♣♣
......♣
♣♣♣..♣♣♣
♣♣♣♣..♣♣♣..♣♣♣
♣♣....♣♣♣
♣♣♣♣♣♣ #


You could see a water moccasin (very poisoned).

Vanquished Creatures
  A black bear (D:5)
  A centaur (D:5)
  3 scorpions
  A hound (D:4)
  An orc priest (D:4)
  7 gnolls
  5 adders
  An ufetubus (D:5)
  A worm (D:2)
  A dart slug (D:2)
  5 orcs
  8 ball pythons
  4 endoplasms
  14 giant cockroaches
  9 goblins
  3 hobgoblins
  4 jackals (D:2)
  8 kobolds
  5 quokkas
  5 bats
  2 frilled lizards (D:1)
  5 rats
94 creatures vanquished.

Vanquished Creatures (others)
  17 plants (D:4)
17 creatures vanquished.

Grand Total: 111 creatures vanquished

Notes
Turn   | Place    | Note
-------+----------+-------------------------------------------
     0 | D:1      | Hasart the Demigod Fighter began the quest for the Orb.
     0 | D:1      | Reached XP level 1. HP: 18/18 MP: 3/3
   519 | D:1      | Reached XP level 2. HP: 25/25 MP: 4/4
  1135 | D:2      | Reached XP level 3. HP: 25/31 MP: 5/5
  1627 | D:2      | Reached skill level 1 in Throwing
  1702 | D:2      | Reached XP level 4. HP: 25/38 MP: 6/6
  2585 | D:3      | Noticed a green death
  3001 | D:4      | Reached XP level 5. HP: 45/45 MP: 7/7
  3677 | D:4      | Reached XP level 6. HP: 52/52 MP: 8/8
  3870 | D:4      | Noticed Dowan
  3870 | D:4      | Noticed Duvessa
  3895 | D:5      | Entered Level 5 of the Dungeon
  4575 | D:5      | Noticed a water moccasin
  4593 | D:5      | Slain by a water moccasin

Illustrated notes

Levels and vault maps discovered:
D:1:      heliophobic_arrival_glass_houses, layout_loops_ring,
          minmay_misc_feat_room
D:2:      layout_rooms, old_standard_altar
D:3:      minmay_roachtagon, layout_basic, makhleb_altar_promises_db,
          dk_noncrumbling_4
D:4:      layout_basic, serial_bayou, serial_bayou_ford_a, serial_bayou_pond_c,
          serial_bayou_shore_b, serial_bayou_pond_b, serial_bayou_pond_a,
          minmay_pentomino_pile, uniq_duvessa, uniq_grinder
D:5:      kb_forest_paths, layout_basic,
          nicolae_uskayaw_murder_on_the_dancefloor,
          nicolae_qazlal_general_emergency

Skill      XL: |  1  2  3  4  5  6 |
---------------+-------------------+-----
Axes           | 2 3 4 |  4.4
Fighting       | 3 4 |  4.0
Armour         | 3 |  3.9
Shields        | 3 |  3.8
Throwing       | 1 2 |  2.4

Action                   |  1- 3 |  4- 6 || total
-------------------------+-------+-------++-------
Melee: War axe           |   130 |    40 ||   170
       Hand axe          |       |    91 ||    91
Throw: Dart              |       |    26 ||    26
  Use: Potion            |       |     2 ||     2
Armor: Scale mail        |    79 |    73 ||   152
Dodge: Dodged            |    54 |    62 ||   116
Block: Kite shield       |    76 |    95 ||   171

Table legend: (Time is in decaauts)
 A = Elapsed time spent in this place.
 B = Non-inter-level travel time spent in this place.
 C = Inter-level travel time spent in this place.
 D = Time resting spent in this place.
 E = Time spent auto-exploring this place.
 F = Levels seen in this place.
 G = Mean time per level.
                   A        B        C        D        E       F      G
               +--------+--------+--------+--------+--------+-----+--------+
         Total |   4736 |   4593 |    143 |    544 |   3144 |   5 |  947.2 |
       Dungeon |   4736 |   4593 |    143 |    544 |   3144 |   5 |  947.2 |
               +--------+--------+--------+--------+--------+-----+--------+

Top non-repeatable levels by time:
     D:2: 1173 daAuts
     D:3: 975 daAuts
     D:1: 943 daAuts
     D:4: 932 daAuts
     D:5: 711 daAuts
